 Dungeon Crawl Stone Soup version 0.29-a0-234-g0dae59b3db (webtiles) character file.

Game seed: 12953356469052338788

5593 HotDog the Cleaver (level 10, -4/88 HPs)
             Began as a Hill Orc Fighter on Mar 3, 2022.
             Was a Believer of Qazlal.
             Slain by a two-headed ogre
             ... wielding a +0 giant club
              (29 damage)
             ... on level 10 of the Dungeon.
             The game lasted 00:09:33 (8790 turns).

HotDog the Cleaver (Hill Orc Fighter)               Turns: 8790, Time: 00:09:34

Health: -4/88      AC: 11    Str: 24    XL:     10   Next: 73%
Magic:  8/14       EV:  9    Int:  8    God:    Qazlal [**....]
Gold:   374        SH: 11    Dex: 10    Spells: 9/9 levels left

rFire   . . .      SeeInvis .   a - +0 war axe (spect)
rCold   . . .      Faith    .   F - +0 kite shield
rNeg    . . .      Spirit   .   b - +0 scale mail
rPois   .          Reflect  .   p - +1 helmet
rElec   .          Harm     .   q - scarf {repulsion}
rCorr   +          Rampage  .   g - +0 pair of gloves
Will    .....                   (no boots)
Stlth   ..........              (no amulet)
HPRegen 0.24/turn               i - +4 ring of slaying
MPRegen 0.14/turn               k - ring of resist corrosion

@: studying Crossbows, repel missiles
A: no striking features
a: Renounce Religion, Upheaval


You were on level 10 of the Dungeon.
You worshipped Qazlal.
Qazlal was pleased with you.
You visited 2 branches of the dungeon, and saw 11 of its levels.

You collected 374 gold pieces.

Inventory:

Hand Weapons
 a - a +0 spectral war axe (weapon)
Armour
 b - a +0 scale mail (worn)
 g - a +0 pair of gloves (worn)
 p - a +1 helmet (worn)
 q - a scarf of repulsion (worn)
 F - a +0 kite shield (worn)
Jewellery
 i - a +4 ring of slaying (left hand)
 k - a ring of resist corrosion (right hand)
 B - a ring of willpower
 E - a ring of willpower
Wands
 t - a wand of polymorph (13)
 z - a wand of iceblast (18)
Scrolls
 f - a scroll of enchant weapon {unknown}
 m - a scroll of blinking
 o - a scroll of noise
 u - 2 scrolls of silence
 v - a scroll of vulnerability {unknown}
 y - a scroll of immolation {unknown}
 A - a scroll of teleportation
 C - a scroll of brand weapon
 D - 4 scrolls of identify
Potions
 d - a potion of heal wounds
 e - 3 potions of attraction
 h - 2 potions of curing
 j - a potion of lignification
 l - a potion of magic
 n - a potion of mutation {unknown}
 r - a potion of berserk rage {unknown}
 s - a potion of might
 w - a potion of degeneration {unknown}
 x - a potion of brilliance {unknown}


   Skills:
 * Level 7.8 Fighting
 * Level 13.0 Axes
 * Level 7.8 Armour
 * Level 3.7 Dodging
 * Level 6.5 Shields
 * Level 6.3 Invocations


You had 9 spell levels left.
You didn't know any spells.
Your spell library contained the following spells:

 Spells                   Type           Power      Damage    Failure   Level
 Animate Skeleton         Necr           0%         N/A       94%         1
 Foxfire                  Conj/Fire      0%         2x1d4     94%         1
 Freeze                   Ice            0%         1d3       94%         1
 Pain                     Necr           0%         1d4       94%         1
 Conjure Flame            Conj/Fire      0%         6-21      100%        3
 Gell's Gravitas          Tloc           0%         N/A       100%        3
 Inner Flame              Hex/Fire       0%         N/A       100%        3
 Lesser Beckoning         Tloc           0%         N/A       100%        3
 Teleport Other           Tloc           0%         N/A       100%        3
 Vampiric Draining        Necr           0%         2d6       100%        3
 Flame Wave               Conj/Fire      0%         2d4       100%        4


Dungeon Overview and Level Annotations

Branches:
Dungeon (10/15)            Temple (1/1) D:6            Lair (0/6) D:8
    Orc: D:9-12

Altars:
Ashenzari
Cheibriados
Dithmenos
Elyvilon
Fedhas
Gozag
Hepliaklqana
Kikubaaqudgha
Okawaru
Qazlal
Ru
Sif Muna
Uskayaw
Vehumet
Wu Jian
Xom
Zin

Shops:
D:1 =   D:4 (


Message History

You block the arrow.
There is a stone staircase leading down here.
You feel very sick. You block the bullfrog's attack.
The centaur unwields a +0 shortbow.
The centaur hits you but does no damage.
You block the centaur's attack.
The bullfrog hits you but does no damage.
You climb downwards.
The bullfrog dissolves into shadows!
The two-headed ogre dissolves into shadows!
The killer bee dissolves into shadows! x2; You feel sick.
The two-headed ogre shouts in stereo!
There is a stone staircase leading up here.
You slice the centaur!!
You kill the centaur!
Qazlal accepts your kill.
You feel sick.
You feel better.
Aiming: Upheaval
Press: ? - help, Dir - move target, f - two-headed ogre
Aim: a two-headed ogre, wielding two +0 giant clubs The ground shakes violently, spewing rubble!
The blast of rubble hits the two-headed ogre!!
The two-headed ogre is moderately wounded.
Aiming: Upheaval
Press: ? - help, Dir - move target, f/p - two-headed ogre
Aim: a two-headed ogre, wielding two +0 giant clubs (moderately wounded)
The ground shakes violently, spewing rubble!
The blast of rubble hits the two-headed ogre!
The two-headed ogre is severely wounded.
You feel better. You block the two-headed ogre's attack.
The two-headed ogre hits you with a +0 giant club.
You hit the two-headed ogre but do no damage.
The two-headed ogre is severely wounded.
You block the two-headed ogre's attack.
The two-headed ogre hits you with a +0 giant club!
* * * LOW HITPOINT WARNING * * *
You hit the two-headed ogre.
The two-headed ogre is severely wounded.
The two-headed ogre hits you with a +0 giant club!!
You die... ######## #....O@# #.######

You could see a two-headed ogre.

Vanquished Creatures
  A gargoyle (D:6)
  A troll (D:9)
  A hornet (D:8)
  Sigmund (D:3)
  2 yaks (D:9)
  A wyvern (D:9)
  Eustachio (D:6)
  A steam dragon (D:8)
  3 wargs (D:8)
  4 vampire mosquitoes (D:9)
  3 orc warriors
  3 ice beasts
  4 sky beasts
  6 centaurs
  A phantom (D:4)
  3 kobold brigands
  2 bullfrogs
  2 necrophages
  5 wights
  A jelly (D:7)
  4 hounds
  2 orc priests
  8 iguanas
  Natasha (twice) (D:2)
  7 orc wizards
  Robin (D:3)
  7 gnolls
  9 adders
  2 shadow imps
  2 white imps (D:5)
  An ufetubus (D:5)
  5 worms
  A dart slug (D:4)
  24 orcs
  9 ball pythons
  4 bats
  9 endoplasms
  4 giant cockroaches
  13 goblins
  9 hobgoblins
  2 jackals (D:1)
  27 kobolds
  3 quokkas
  5 frilled lizards
  6 rats
212 creatures vanquished.

Vanquished Creatures (others)
  2 fungi (D:2)
2 creatures vanquished.

Grand Total: 214 creatures vanquished

Notes
Turn   | Place    | Note
-------+----------+-------------------------------------------
     0 | D:1      | HotDog the Hill Orc Fighter began the quest for the Orb.
     0 | D:1      | Reached XP level 1. HP: 19/19 MP: 1/1
    11 | D:1      | Found Egopauz's Jewellery Emporium.
   261 | D:1      | Reached XP level 2. HP: 25/27 MP: 2/2
  1213 | D:2      | Reached skill level 3 in Axes
  1234 | D:2      | Reached XP level 3. HP: 21/33 MP: 3/3
  1406 | D:2      | Reached skill level 1 in Invocations
  1586 | D:2      | Noticed Natasha
  1599 | D:2      | Killed Natasha
  1600 | D:2      | Reached XP level 4. HP: 9/40 MP: 4/4
  1870 | D:2      | Reached skill level 4 in Axes
  2391 | D:2      | Noticed Natasha
  2422 | D:2      | Killed Natasha
  2423 | D:2      | Reached XP level 5. HP: 38/46 MP: 6/6
  2522 | D:2      | Found a faded altar of an unknown god.
  2526 | D:2      | Got Plato's Catalogue of the Snowflakes
  2714 | D:3      | Noticed Robin
  2720 | D:3      | Reached skill level 1 in Dodging
  2722 | D:3      | Killed Robin
  2953 | D:3      | Noticed Sigmund
  2973 | D:3      | Killed Sigmund
  2974 | D:3      | Reached skill level 5 in Axes
  2974 | D:3      | Reached XP level 6. HP: 20/53 MP: 7/7
  3581 | D:4      | Reached skill level 6 in Axes
  3581 | D:4      | Reached XP level 7. HP: 60/60 MP: 8/8
  3727 | D:4      | Found Yviunoot's Antique Weapon Shoppe.
  3778 | D:4      | Reached skill level 5 in Fighting
  3778 | D:4      | Reached skill level 7 in Axes
  4093 | D:4      | Reached skill level 5 in Armour
  4093 | D:4      | Reached XP level 8. HP: 52/68 MP: 10/10
  4096 | D:4      | Reached skill level 8 in Axes
  4319 | D:5      | Entered Level 5 of the Dungeon
  4554 | D:5      | Found a broken altar of Ashenzari.
  4554 | D:5      | Found a hide-covered altar of Uskayaw.
  4932 | D:5      | Reached skill level 9 in Axes
  5209 | D:5      | Found a sacrificial altar of Ru.
  5570 | D:6      | Found a staircase to the Ecumenical Temple.
  5578 | Temple   | Entered the Ecumenical Temple
  5688 | Temple   | Became a worshipper of Qazlal Stormbringer
  5910 | D:6      | Reached skill level 5 in Shields
  6134 | D:6      | Noticed Eustachio
  6145 | D:6      | Killed Eustachio
  6146 | D:6      | Reached XP level 9. HP: 69/75 MP: 12/12
  6306 | D:6      | Reached skill level 10 in Axes
  6397 | D:6      | Noticed an eight-headed hydra
  6401 | D:6      | Noticed a gargoyle
  6414 | D:6      | Killed a gargoyle
  6731 | D:7      | Reached * piety under Qazlal
  6929 | D:7      | Reached skill level 11 in Axes
  7016 | D:7      | Reached skill level 5 in Invocations
  7678 | D:8      | Reached XP level 10. HP: 57/84 MP: 14/14
  7683 | D:8      | Reached skill level 12 in Axes
  7688 | D:8      | Found a staircase to the Lair.
  7875 | D:8      | Reached ** piety under Qazlal
  8772 | D:9      | Noticed a two-headed ogre
  8778 | D:9      | Reached skill level 13 in Axes
  8782 | D:10     | Entered Level 10 of the Dungeon
  8782 | D:10     | Noticed a two-headed ogre
  8790 | D:10     | Slain by a two-headed ogre

Illustrated notes

Levels and vault maps discovered:
D:1:      minmay_arrival_shoal_huts, layout_basic, serial_shops, shop
D:2:      wander_river, layout_loops_ring, shapermc_ecumenical_altar_rom_forum,
          corexii_leaking_fountain, uniq_natasha
D:3:      layout_basic, minmay_bisected, uniq_sigmund, uniq_robin
D:4:      layout_basic, serial_shops, shop_fountains, minmay_misc_feat_doors,
          minmay_manual_moon
D:5:      layout_layer_cave, nicolae_overflow_hidden_temple
D:6:      minmay_chambers_of_sixes, layout_rooms,
          minmay_temple_entry_sparse_star, uniq_eustachio
D:7:      layout_cave_pods, minmay_misc_feat_square
D:8:      layout_rooms, erik_lair_orcish_takeover
D:9:      layout_loops_ring, minmay_orc_entry_temple_small
D:10:     layout_basic, ebering_ghost_funeral_grove, serial_curves,
          eino_curves_03, eino_curves_03, uniq_joseph
Temple:   minmay_crystal_spiral_temple

Skill      XL: |  1  2  3  4  5  6  7  8  9 10 |
---------------+-------------------------------+-----
Axes           | 3 4 5 6 7 9 11 13 | 13.0
Invocations    | 1 2 3 4 5 6 |  6.3
Fighting       | 4 5 6 7 |  7.8
Armour         | 4 5 7 |  7.8
Dodging        | 1 2 3 |  3.7
Shields        | 4 5 6 |  6.5

Action                   |  1- 3 |  4- 6 |  7- 9 | 10-12 || total
-------------------------+-------+-------+-------+-------++-------
Melee: War axe           |    98 |    83 |   169 |    64 ||   414
Invok: Upheaval          |       |       |       |     2 ||     2
  Use: Scroll            |       |     2 |     7 |     1 ||    10
       Potion            |       |     1 |     2 |     3 ||     6
Armor: Scale mail        |    53 |    51 |    56 |    40 ||   200
Dodge: Dodged            |    45 |    26 |    55 |    45 ||   171
       Repelled          |       |       |     1 |       ||     1
Block: Buckler           |    23 |    15 |    36 |     6 ||    80
       Kite shield       |       |       |       |    46 ||    46

Table legend: (Time is in decaauts)
 A = Elapsed time spent in this place.
 B = Non-inter-level travel time spent in this place.
 C = Inter-level travel time spent in this place.
 D = Time resting spent in this place.
 E = Time spent auto-exploring this place.
 F = Levels seen in this place.
 G = Mean time per level.
                   A        B        C        D        E       F      G
               +--------+--------+--------+--------+--------+-----+--------+
         Total |   8910 |   8444 |    466 |    366 |   6841 |  11 |  810.0 |
       Dungeon |   8616 |   8331 |    285 |    366 |   6751 |  10 |  861.6 |
        Temple |    293 |    112 |    181 |      0 |     90 |   1 |  293.0 |
               +--------+--------+--------+--------+--------+-----+--------+

Top non-repeatable levels by time:
     D:2: 1531 daAuts
     D:1: 1227 daAuts
     D:5: 1220 daAuts
     D:7: 1108 daAuts
     D:3: 899 daAuts
     D:8: 842 daAuts
     D:4: 769 daAuts
     D:6: 638 daAuts
     D:9: 372 daAuts
  Temple: 293 daAuts
    D:10: 7 daAuts
